 Dungeon Crawl Stone Soup version 0.32-a0-43-g058985b245 (webtiles) character file.

Game seed: 8647012960947960937

1073 Atlas the Firebug (level 8, 0/53 HPs)
             Began as a Demonspawn Fire Elementalist on Feb 4, 2024.
             Succumbed to a gnoll sergeant's poison
             ... on level 5 of the Dungeon.
             The game lasted 00:06:22 (6337 turns).

Atlas the Firebug (Demonspawn Fire Elementalist)    Turns: 6337, Time: 00:06:23

Health: 0/53       AC:  3    Str: 10    XL:     8   Next: 7%
Magic:  13/25      EV: 11    Int: 17    God:
Gold:   172        SH:  0    Dex: 13    Spells: 15/18 levels left

rFire   . . .        r - +2 war axe (elec)
rCold   . . .        (no shield)
rNeg    . . .        s - +0 leather armour
rPois   .            (no helmet)
rElec   .            u - scarf {+Inv}
rCorr   .            (no gloves)
SInv    +            (no boots)
Will    .....        (no amulet)
Stlth   ++           B - ring of see invisible
HPRegen 0.28/turn    k - ring of magical power
MPRegen 0.19/turn

%: no passive effects
@: lethally poisoned (0 -> -29), attractive
A: powered by death 1, powered by pain 2, demonic touch 1
a: Evoke Invisibility


You were on level 5 of the Dungeon.
You visited 1 branch of the dungeon, and saw 5 of its levels.

You collected 172 gold pieces.

Inventory:

Hand Weapons
 r - a +2 war axe of electrocution (weapon)
Armour
 s - a +0 leather armour (worn)
 u - a scarf of invisibility (worn)
Jewellery
 i - a ring of flight
 k - a ring of magical power (right hand)
 w - a +4 ring of slaying
 z - a ring of poison resistance
 A - an amulet of guardian spirit
 B - a ring of see invisible (left hand)
Wands
 j - a wand of roots (15)
Scrolls
 c - a scroll of silence {unknown}
 d - 2 scrolls of poison
 e - 2 scrolls of teleportation
 g - a scroll of blinking {unknown}
 h - 2 scrolls of immolation {unknown}
 n - a scroll of enchant armour {unknown}
 o - a scroll of revelation {unknown}
 p - a scroll of vulnerability {unknown}
 q - 2 scrolls of amnesia
 v - a scroll of fear {unknown}
 x - a scroll of summoning {unknown}
 y - a scroll of identify
Potions
 a - a potion of attraction
 b - a potion of magic
 f - a potion of curing {unknown}
 l - a potion of degeneration {unknown}
 m - a potion of lignification {unknown}
 t - a potion of mutation {unknown}


   Skills:
 + Level 0.5 Fighting
 + Level 1.0 Axes
 + Level 1.1 Armour
 + Level 2.2 Dodging
 + Level 2.2 Stealth
 + Level 0.2 Unarmed Combat
 + Level 5.5 Spellcasting
 + Level 3.2 Conjurations
 + Level 6.1 Fire Magic


You had 15 spell levels left.
You knew the following spells:

 Your Spells              Type           Power      Damage    Failure   Level
a - Scorch                Fire           50%        2d7       2%          2
b - Foxfire               Conj/Fire      80%        2x1d8     2%          1

Your spell library contained the following spells:

 Spells                   Type           Power      Damage    Failure   Level
 Momentum Strike          Conj/Tloc      20%        3d8       14%         2
 Inner Flame              Hex/Fire       15%        N/A       16%         3
 Volatile Blastmotes      Fire/Tloc      30%        2d12      16%         3
 Flame Wave               Conj/Fire      20%        2d7       26%         4
 Blink                    Tloc           8%         N/A       28%         2
 Lesser Beckoning         Tloc           8%         N/A       28%         2
 Dazzling Flash           Conj/Hex       20%        N/A       28%         3
 Starburst                Conj/Fire      10%        6d5       99%         6
 Maxwell's Capacitive Co  Air            2%         ∞         100%        8


Dungeon Overview and Level Annotations

Branches:
Dungeon (5/15)
 Temple: D:4-7

Altars:
Hepliaklqana
Makhleb

Shops:
D:4 [


Innate Abilities, Weirdness & Mutations

You regenerate a little health from kills.
You sometimes gain power by taking damage.
Your touch may inflict minor irresistible damage on your foes.


Message History

Unknown command.
You conjure some foxfire!
The foxfire hits the gnoll sergeant.
The gnoll sergeant is heavily wounded.
The foxfire hits the gnoll sergeant but does no damage.
The gnoll sergeant is heavily wounded.
The gnoll sergeant hits you from afar with a +1 spear of venom.
You are poisoned.
You conjure some foxfire!
You feel very sick.
The foxfire hits the gnoll sergeant but does no damage.
The gnoll sergeant is heavily wounded.
A gnoll comes into view. It is wielding a +0 spear.
The gnoll sergeant hits you from afar with a +1 spear of venom!
You conjure some foxfire!
You feel sick.
The foxfire hits the gnoll sergeant.
The gnoll sergeant is severely wounded.
The foxfire hits the gnoll sergeant but does no damage.
The gnoll sergeant is severely wounded.
The foxfire hits the gnoll sergeant but does no damage.
The gnoll sergeant is severely wounded.
The gnoll sergeant hits you from afar with a +1 spear of venom!
You are lethally poisoned!
The gnoll barely misses you.
Casting: Foxfire (safe; 2% risk of failure)
Confirm with . or Enter, or press ? or * to list all spells.
Flames lash the gnoll.
The gnoll is almost dead.
The gnoll's fire resistance burns away.
You feel very sick.
The foxfire hits the gnoll sergeant but does no damage.
The gnoll sergeant is severely wounded.
The foxfire hits the gnoll sergeant.
The gnoll sergeant is severely wounded.
The gnoll hits you from afar with a +0 spear.
* * * LOW HITPOINT WARNING * * *
The gnoll sergeant hits you from afar with a +1 spear of venom!
* * * LOW HITPOINT WARNING * * *
You are more poisoned.
It was a potion of attraction.
You feel attractive to monsters.
You die...

## #.# ### ...##### ..##
+######..... #..#
#≈≈≈≈≈#..##. #...
#≈....#..... #..#
#≈....#..###
...###..#####≈....#.##
.)..gg.@§...######)##
.....g.§###.#####..#####
<#.###..................
#...........<######
#.####.####### .<. #.#
##. #.. #. #++


You could see a gnoll sergeant and 2 gnolls.

Vanquished Creatures
  Duvessa (D:5)
  2 ogres
  A kobold brigand (D:3)
  Dowan (D:5)
  A howler monkey (D:3)
  A crimson imp (D:4)
  2 hounds
  2 gnoll boudas
  An orc wizard (D:4)
  31 gnolls
  3 adders
  A white imp (D:4)
  2 dart slugs (D:1)
  27 orcs
  7 ball pythons
  3 giant cockroaches
  8 goblins
  5 hobgoblins
  20 jackals
  2 quokkas
  6 bats
  6 frilled lizards
  5 kobolds
  4 rats
  A spectral orc (D:4)
143 creatures vanquished.

Vanquished Creatures (collateral kills)
  2 foxfires (D:3)
2 creatures vanquished.

Vanquished Creatures (others)
  485 foxfires
485 creatures vanquished.

Grand Total: 630 creatures vanquished

Notes
Turn   | Place    | Note
-------+----------+-------------------------------------------
     0 | D:1      | Atlas the Demonspawn Fire Elementalist began the quest for
                  | the Orb.
     0 | D:1      | Reached XP level 1. HP: 13/13 MP: 3/3
   193 | D:1      | Reached skill level 3 in Fire Magic
   328 | D:1      | Gained mutation: You sometimes gain a little power by
                  | taking damage. [demonic ancestry]
   328 | D:1      | Reached XP level 2. HP: 15/19 MP: 0/5
  1144 | D:2      | Learned a level 2 spell: Scorch
  1271 | D:2      | Found a faded altar of an unknown god.
  1272 | D:2      | Noticed a glass eye
  1273 | D:2      | Noticed a golden eye
  1274 | D:2      | Noticed a great orb of eyes
  1274 | D:2      | Noticed a glass eye
  1399 | D:2      | Reached XP level 3. HP: 24/24 MP: 6/6
  2227 | D:3      | Gained mutation: You regenerate a little health from kills.
                  | [demonic ancestry]
  2227 | D:3      | Reached XP level 4. HP: 30/30 MP: 8/8
  2651 | D:3      | Gained mutation: Your touch may inflict minor irresistible
                  | damage on your foes. [demonic ancestry]
  2651 | D:3      | Reached XP level 5. HP: 35/35 MP: 9/9
  2821 | D:3      | Reached skill level 4 in Fire Magic
  3351 | D:3      | Reached XP level 6. HP: 41/41 MP: 8/11
  4588 | D:3      | Reached skill level 5 in Fire Magic
  4743 | D:3      | Reached XP level 7. HP: 46/46 MP: 13/13
  5457 | D:4      | Found a burning altar of Makhleb.
  5502 | D:4      | Found Ystuahaps's Antique Armour Emporium.
  5520 | D:4      | Found a hazy altar of Hepliaklqana.
  5762 | D:5      | Entered Level 5 of the Dungeon
  5835 | D:5      | Noticed Duvessa
  5835 | D:5      | Noticed Dowan
  5868 | D:5      | Killed Duvessa
  5869 | D:5      | Reached skill level 5 in Spellcasting
  5881 | D:5      | Killed Dowan
  5960 | D:5      | Reached skill level 1 in Armour
  5960 | D:5      | Reached skill level 6 in Fire Magic
  6113 | D:5      | Gained mutation: You sometimes gain power by taking damage.
                  | [demonic ancestry]
  6113 | D:5      | Reached XP level 8. HP: 53/53 MP: 12/16
  6201 | D:5      | Reached skill level 1 in Axes
  6337 | D:5      | Succumbed to a gnoll sergeant's poison

Illustrated notes

Levels and vault maps discovered:
D:1:      dpeg_arrival_lava_altar, layout_loops_cross,
          chequers_serial_rivers_small_3
D:2:      layout_rooms, hellmonk_ecumenical_altar_watching_god,
          minmay_octomino_j4
D:3:      lemuel_castle_with_subvaults [lemuel_castle_interior_carwin_1],
          layout_rooms, serial_co_window_serial, co_window_paths_b,
          co_window_paths_a, co_window_paths_b, co_window_corner_a,
          co_window_paths_b, co_window_broadway_c, co_window_corner_cb,
          co_window_of_opportunity_b, co_window_2corner, co_window_corner_cb,
          co_window_broadway_b, glass_columns_b, glass_columns_a,
          glass_columns_a
D:4:      layout_rooms, nicolae_hepliaklqana_monster_ancestors, bloody_makhleb,
          lemuel_crystal_altar, serial_shops, shop, grunt_decor_arrowhead,
          minmay_fire_ice_demons
D:5:      layout_loops_ring, kennysheep_mini_moat, serial_rivers,
          chequers_serial_rivers_micro_d, chequers_serial_rivers_marsh,
          chequers_serial_rivers_large_b, chequers_serial_rivers_room_a,
          chequers_serial_rivers_micro_e, minmay_misc_feat_roman, minivault_23,
          kennysheep_big_empty_room, corexii_shack, uniq_sigmund, uniq_duvessa

Skill      XL: |  1  2  3  4  5  6  7  8 |
---------------+-------------------------+-----
Fire Magic     | 3 4 5 6 |  6.1
Dodging        | 2 |  2.2
Stealth        | 2 |  2.2
Spellcasting   | 3 4 5 |  5.5
Conjurations   | 2 3 |  3.2
Armour         | 1 |  1.1
Axes           | 1 |  1.0
Fighting       | |  0.5
Unarmed Combat | |  0.2

Action                     |  1- 3 |  4- 6 |  7- 9 || total
---------------------------+-------+-------+-------++-------
  Melee: Unarmed           |    10 |       |       ||    10
         War axe           |       |       |    16 ||    16
         Touch             |       |       |     3 ||     3
   Cast: Foxfire           |    62 |   160 |    53 ||   275
         Scorch            |    14 |    38 |    34 ||    86
    Use: Scroll            |     1 |     2 |       ||     3
         Potion            |       |       |     1 ||     1
 Armour: Robe              |    10 |    10 |       ||    20
         Leather armour    |       |       |    26 ||    26
  Dodge: Dodged            |    11 |    18 |    16 ||    45

Table legend: (Time is in decaauts)
 A = Elapsed time spent in this place.
 B = Non-inter-level travel time spent in this place.
 C = Inter-level travel time spent in this place.
 D = Time resting spent in this place.
 E = Time spent auto-exploring this place.
 F = Levels seen in this place.
 G = Mean time per level.
                   A        B        C        D        E       F      G
               +--------+--------+--------+--------+--------+-----+--------+
         Total |   6343 |   6206 |    137 |    305 |   5077 |   5 | 1268.6 |
       Dungeon |   6343 |   6206 |    137 |    305 |   5077 |   5 | 1268.6 |
               +--------+--------+--------+--------+--------+-----+--------+

Top non-repeatable levels by time:
     D:3: 2814 daAuts
     D:1: 1119 daAuts
     D:4: 944 daAuts
     D:2: 888 daAuts
     D:5: 576 daAuts
